cohdb
Replays
Latest Replays
All Replays
Popular Replays
Top Player Replays
Match Explorer
How It Works
Community
CoH3 Stats
Reddit
Sign in to upload your games and track your stats! →
Sign in with Steam
Match 39534986
Unlisted
Match 39534986
Overview
Messages
Build Orders
End
Scout Squad
Construct Weapon Support Center
Selects Airborne Battlegroup
M1919 Machine Gun Team
Selects Pathfinders
M1919 Machine Gun Team
Engineer Squad
Construct Medical Station
Selects Paratrooper Squad Paradrop
Paratrooper Squad Paradrop
Bazooka Squad
Infantry Support Center
Construct Tank Depot
Selects Recon Loiter
Selects Paradrop Reinforcements
Paradrop Reinforcements
M4(105) Sherman Bulldozer
Selects Carpet Bombing Run
Paratrooper Squad Paradrop
Carpet Bombing Run
Recon Loiter
DanielD
KT Perry
DexN
ninjayas
0
0
Comments
sign in to comment!
No comments posted yet!